 Dungeon Crawl Stone Soup version 0.26.1-2-gb8aa6d0cf2 (webtiles) character file.

Game seed: 11554435205042861252

57 attacker the Ducker (level 4, 0/38 HPs)
             Began as a Gnoll Wanderer on Mar 26, 2021.
             Succumbed to an adder's poison
             ... on level 2 of the Dungeon.
             The game lasted 00:01:44 (1721 turns).

attacker the Ducker (Gnoll Wanderer)                Turns: 1721, Time: 00:01:45

Health: 0/38       AC:  2    Str: 16    XL:     4   Next: 0%
Magic:  5/5        EV: 16    Int: 13    God:
Gold:   30         SH:  0    Dex: 15    Spells: 5/5 levels left

rFire    . . .     SeeInvis .   a - +0 falchion
rCold    . . .     Faith    .   (no shield)
rNeg     . . .     Spirit   .   e - +0 robe
rPois    .         Reflect  .   (no helmet)
rElec    .         Harm     .   (no cloak)
rCorr    .         Rampage  .   (no gloves)
Will     .....                  (no boots)
Stlth    ++........             (no amulet)
HPRegen  0.12/turn              (no ring)
MPRegen  0.09/turn              (no ring)

@: lethally poisoned (0 -> -3), berserk cooldown, flying, hasted and slowed
A: distributed training, fangs 1, strong nose
a: no special abilities


You were on level 2 of the Dungeon.
You visited 1 branch of the dungeon, and saw 2 of its levels.

You collected 30 gold pieces.

Inventory:

Hand Weapons
 a - a +0 falchion (weapon)
Armour
 e - a +0 robe (worn)
Jewellery
 h - an uncursed amulet of faith {unknown}
 j - an uncursed ring of fire {unknown}
Scrolls
 c - a scroll of teleportation
 g - a scroll of identify {unknown}
 l - a scroll of enchant weapon {unknown}
Potions
 b - a potion of berserk rage
 f - a potion of flight
 i - a potion of cancellation {unknown}
 k - a potion of invisibility {unknown}
 m - a potion of ambrosia {unknown}
 n - a potion of lignification {unknown}


   Skills:
 + Level 4.6 Fighting
 + Level 1.0 Short Blades
 + Level 2.7 Long Blades
 + Level 1.0 Axes
 + Level 1.0 Maces & Flails
 + Level 1.0 Polearms
 + Level 1.0 Staves
 + Level 1.0 Slings
 + Level 1.0 Bows
 + Level 1.0 Crossbows
 + Level 1.0 Throwing
 + Level 1.0 Armour
 + Level 6.5 Dodging
 + Level 1.0 Stealth
 + Level 1.0 Shields
 + Level 4.6 Unarmed Combat
 + Level 1.0 Spellcasting
 + Level 0.7 Conjurations
 + Level 0.7 Hexes
 + Level 0.7 Summonings
 + Level 0.7 Necromancy
 + Level 0.7 Translocations
 + Level 0.7 Transmutations
 + Level 0.7 Fire Magic
 + Level 0.7 Ice Magic
 + Level 0.7 Air Magic
 + Level 0.7 Earth Magic
 + Level 0.7 Poison Magic
 + Level 1.1 Invocations
 + Level 4.6 Evocations


You had 5 spell levels left.
You didn't know any spells.
Your spell library was empty.

Dungeon Overview and Level Annotations

Branches:
Dungeon (2/15)

Altars:


Innate Abilities, Weirdness & Mutations

Your experience applies equally to all skills.
You have very sharp teeth.
Your uncanny sense of smell can sniff out nearby items.


Message History

There is a lethal amount of poison in your body!
There is a lethal amount of poison in your body!
There is a lethal amount of poison in your body!
There is a lethal amount of poison in your body!
You feel a strong urge to attack something.
A leopard gecko comes into view.
* * * LOW HITPOINT WARNING * * *
You feel sick.
The leopard gecko hisses angrily.
There is a lethal amount of poison in your body!
Unknown command.
You feel your anger nearly subside.
You are no longer berserk.
You are exhausted.
You feel yourself slow down.
Unknown command.
* * * LOW HITPOINT WARNING * * *
You feel sick.
Unknown command.
You die...

....#............#
....#............#+######
....#.......###.........#
#####.....#.###.........#
#.....#.............#
######.............#
#.......l.....#
#.........#####
#.....@...# ###+#....##
......# ##.###.# #. #.#
.. #.# .. .# ...


You could see a leopard gecko.

Vanquished Creatures
  2 adders (D:2)
  A dart slug (D:1)
  A leopard gecko (D:2)
  5 bats
  4 giant cockroaches
  4 goblins
  5 hobgoblins
  4 kobolds
  A ball python (D:2)
  2 frilled lizards
  8 rats
37 creatures vanquished.

Notes
Turn   | Place    | Note
-------+----------+-------------------------------------------
     0 | D:1      | attacker the Gnoll Wanderer began the quest for the Orb.
     0 | D:1      | attacker set off with the following items: a +0 falchion, a
                  | potion of berserk rage, a scroll of teleportation, a potion
                  | of haste, a +0 robe
     0 | D:1      | Reached XP level 1. HP: 20/20 MP: 1/1
   327 | D:1      | Reached XP level 2. HP: 26/26 MP: 2/2
  1125 | D:1      | Reached XP level 3. HP: 29/31 MP: 3/3
  1462 | D:2      | Reached skill level 1 in Invocations
  1710 | D:2      | Reached skill level 1 in Short Blades
  1710 | D:2      | Reached skill level 1 in Axes
  1710 | D:2      | Reached skill level 1 in Maces & Flails
  1710 | D:2      | Reached skill level 1 in Polearms
  1710 | D:2      | Reached skill level 1 in Staves
  1710 | D:2      | Reached skill level 1 in Slings
  1710 | D:2      | Reached skill level 1 in Bows
  1710 | D:2      | Reached skill level 1 in Crossbows
  1710 | D:2      | Reached skill level 1 in Throwing
  1710 | D:2      | Reached skill level 1 in Armour
  1710 | D:2      | Reached skill level 1 in Stealth
  1710 | D:2      | Reached skill level 1 in Shields
  1710 | D:2      | Reached skill level 1 in Spellcasting
  1710 | D:2      | Reached XP level 4. HP: 4/38 MP: 5/5
  1719 | D:2      | HP: 1/38 [poisoned by an adder]
  1721 | D:2      | Succumbed to an adder's poison

Illustrated notes

Levels and vault maps discovered:
D:1:      dpeg_arrival_prison, layout_basic
D:2:      layout_basic, uniq_terence

Skill      XL: |  1  2  3 |
---------------+----------+-----
Invocations    | 1 |  1.1
Short Blades   | 1 |  1.0
Axes           | 1 |  1.0
Maces & Flails | 1 |  1.0
Polearms       | 1 |  1.0
Staves         | 1 |  1.0
Slings         | 1 |  1.0
Bows           | 1 |  1.0
Crossbows      | 1 |  1.0
Throwing       | 1 |  1.0
Armour         | 1 |  1.0
Stealth        | 1 |  1.0
Shields        | 1 |  1.0
Spellcasting   | 1 |  1.0
Fighting       | |  4.6
Long Blades    | |  2.7
Dodging        | |  6.5
Unarmed Combat | |  4.6
Conjurations   | |  0.7
Hexes          | |  0.7
Summonings     | |  0.7
Necromancy     | |  0.7
Translocations | |  0.7
Transmutations | |  0.7
Fire Magic     | |  0.7
Ice Magic      | |  0.7
Air Magic      | |  0.7
Earth Magic    | |  0.7
Poison Magic   | |  0.7
Evocations     | |  4.6

Action                   |  1- 3 |  4- 6 || total
-------------------------+-------+-------++-------
Melee: Falchion          |    98 |       ||    98
       Bite              |    10 |       ||    10
       Punch             |     2 |       ||     2
  Use: Potion            |       |     3 ||     3
 Stab: Sleeping          |     4 |       ||     4
Armor: Robe              |    14 |       ||    14
Dodge: Dodged            |   124 |       ||   124
       Rpst.: Falchion   |    36 |       ||    36
